Stars vs Sharks
Created - 23 mars 2015 at 18:58
Goals
|
| Stars |
3 |
1 |
1 |
5 |
| Sharks |
0 |
0 |
1 |
1 |
|
Shots
|
| Stars |
13 |
14 |
4 |
31 |
| Sharks |
5 |
9 |
11 |
25 |
|
1st period
1. Stars , Brendan Bell 3 (Shane Doan, Henrik Sedin) at 8:24 (PP)
2. Stars , Patrick Sharp 27 (Alexei Morozov) at 8:56
3. Stars , Shane Doan 22 (Henrik Sedin, Daniel Sedin) at 12:18 (PP)
Penalties :
Ted Purcell (SJS) for Holding (Minor) at 8:03, Boris Valabik (SJS) for Hooking (Minor) at 12:03
2nd period
4. Stars , Daniel Sedin 25 (Henrik Sedin) at 5:27
Penalties :
Brandon Yip (SJS) for Goalie Interference (Minor) at 0:57, Dany Heatley (SJS) for Fighting (Major) at 5:57, Shane Doan (Dal) for Fighting (Major) at 5:57, Daniel Alfredsson (SJS) for Fighting (Major) at 10:28, Henrik Sedin (Dal) for Fighting (Major) at 10:28, Henrik Sedin (Dal) for instigated a fight (Minor) at 10:28, Henrik Sedin (Dal) for instigated a fight (10 Minutes Misconduct) at 10:28, Daniel Cleary (Dal) for High sticking (Minor) at 16:19
3rd period
5. Sharks , Markus Naslund 14 (Antoine Vermette, Alex Pietrangelo) at 0:46 (PP)
6. Stars , Shane Doan 23 (Henrik Sedin, Daniel Sedin) at 14:35
Penalties :
Daniel Sedin (Dal) for Interference (Minor) at 0:03, Jan Hlavac (Dal) for Interference (Minor) at 3:28, Alexei Morozov (Dal) for Roughing (Minor) at 15:54
Goalie Stats
Pascal Leclaire (Dal), 24 saves from 25 shots - (0,960), W, 29-22-4, 60:00 minutes
Mike Brodeur (SJS), 26 saves from 31 shots - (0,839), L, 16-10-2, 60:00 minutes
Players Stats for Stars
Player Name G A P +/- PIM S H SB GA TA FO MP PP MP PK MP
------------------------------------------------------------------------------------
Alexei Morozov 0 1 1 1 2 1 1 0 1 0 0/2 12:37 0:38 0:09
Brendan Bell 1 0 1 1 0 2 2 0 0 0 0/0 19:59 0:21 5:09
Bryan Berard 0 0 0 0 0 0 1 0 1 0 0/0 13:18 0:09 0:09
Daniel Cleary 0 0 0 0 2 0 3 1 0 0 0/0 12:10 0:00 0:52
Daniel Sedin 1 2 3 2 2 3 2 1 0 0 0/2 20:27 1:57 2:36
Éric Belanger 0 0 0 0 0 1 0 1 1 0 4/6 13:11 0:00 1:49
Evgeny Artyukhin 0 0 0 0 0 1 3 1 0 0 0/0 9:18 0:00 0:00
Filip Novak 0 0 0 0 0 0 2 0 0 0 0/0 16:05 0:00 3:21
Henrik Sedin 0 4 4 2 17 4 3 1 0 0 14/28 14:30 1:57 0:00
Jan Hlavac 0 0 0 0 2 3 1 0 0 0 0/0 13:10 0:00 3:28
John Tavares 0 0 0 1 0 1 3 0 1 0 4/7 15:33 0:38 2:15
Mark Streit 0 0 0 1 0 2 0 1 0 1 0/0 17:39 2:26 0:09
Marty Reasoner 0 0 0 0 0 1 1 1 1 0 7/12 13:45 0:00 4:26
Matthew Spiller 0 0 0 2 0 2 1 1 0 0 0/0 26:16 0:09 5:09
Patrick Sharp 1 0 1 1 0 2 1 1 0 0 4/6 17:37 0:38 1:05
Pavel Kubina 0 0 0 2 0 3 3 0 1 0 0/0 26:43 2:05 3:21
Ryan Malone 0 0 0 0 0 0 0 0 0 0 1/1 12:04 0:00 0:38
Shane Doan 2 1 3 2 5 5 2 0 2 0 0/1 16:54 1:57 0:01
Players Stats for Sharks
Player Name G A P +/- PIM S H SB GA TA FO MP PP MP PK MP
------------------------------------------------------------------------------------
Alex Pietrangelo 0 1 1 -2 0 3 0 0 0 3 0/0 23:10 5:24 0:00
Antoine Vermette 0 1 1 0 0 1 2 0 0 0 8/16 20:53 4:12 0:21
Boris Valabik 0 0 0 -1 2 0 0 0 0 0 1/2 8:13 0:42 0:00
Brandon Yip 0 0 0 -1 2 0 0 0 0 0 0/2 17:40 1:55 0:00
Daniel Alfredsson 0 0 0 0 5 1 3 0 0 0 0/0 20:01 3:51 0:26
Dany Heatley 0 0 0 0 5 5 2 0 0 0 1/1 22:43 4:54 1:48
David Hale 0 0 0 0 0 0 0 1 0 0 0/0 12:26 0:17 0:57
David Legwand 0 0 0 0 0 2 2 0 0 0 9/18 11:40 1:01 0:00
Francis Bouillon 0 0 0 0 0 0 0 0 0 0 0/0 4:59 0:00 0:00
Joe Sakic 0 0 0 -2 0 1 1 1 0 1 9/18 20:16 2:30 1:48
Johnny Boychuk 0 0 0 -1 0 2 1 4 0 0 0/0 20:32 3:15 1:38
Lasse Kukkonen 0 0 0 -1 0 1 0 1 0 1 0/0 20:32 3:15 1:38
Markus Naslund 1 0 1 -1 0 2 2 1 0 2 1/1 17:57 3:29 0:21
Martin Samuelsson 0 0 0 -2 0 5 1 0 1 1 1/2 17:08 0:25 0:26
Michal Rozsival 0 0 0 -2 0 0 3 0 0 0 0/0 23:10 5:24 0:00
Shaone Morrisonn 0 0 0 0 0 0 0 1 0 0 0/0 11:35 0:00 0:57
Ted Purcell 0 0 0 0 2 0 1 0 0 0 1/5 11:44 2:34 0:00
Tuomo Ruutu 0 0 0 -2 0 2 2 0 0 0 0/0 12:41 0:07 0:00
3 Stars
1 - Daniel Sedin (Dal)
2 - Shane Doan (Dal)
3 - Pascal Leclaire (Dal)
Power Play
Stars - 2 on 3 Attempt(s) - 66,67%
Sharks - 1 on 5 Attempt(s) - 20,00%
Penalty Kill
Stars - 4 on 5 Attempt(s) - 80,00%
- Score 0 goal in Penalty Kill
Sharks - 1 on 3 Attempt(s) - 33,33%
- Score 0 goal in Penalty Kill
Team Stat
Stars - Hits : 29 - Faceoff Wins : 34 - Blocked Shots : 9 - Penalty Minutes : 30
Sharks - Hits : 20 - Faceoff Wins : 31 - Blocked Shots : 9 - Penalty Minutes : 16
Official
Referees : Leggo Mike and Martell Rob
Linesman : Brad Kovachik and Dan Schachte
Game Notes
Dany Heatley beats up Shane Doan at 5:57 of 2nd period
Daniel Alfredsson and Henrik Sedin fight to a draw at 10:28 of 2nd period
David Legwand is injured at 13:19 of 2nd period (Right Hip)
Finance
Level 1 -- Attendance: 4357 (72,62%) -- Ticket Income 392 130 $
Level 2 -- Attendance: 3244 (64,88%) -- Ticket Income 194 640 $
Level 3 -- Attendance: 1417 (70,85%) -- Ticket Income 56 680 $
Level 4 -- Attendance: 4000 (100,00%) -- Ticket Income 80 000 $
Luxury Box -- Attendance: 691 (69,10%) -- Ticket Income 124 380 $
Game was played at the Hockey Place Center'
Total Attendance: 13709 (76,16%)
Total Ticket Income: 847 830 $
Other Income: 127 174 $
Total Income: 975 004 $
Stars
5 vs 5 Forward
Center Left Wing Right Wing Time % Phy DF OF
1 Henrik Sedin Daniel Sedin Shane Doan 40 1 2 2
2 John Tavares Patrick Sharp Alexei Morozov 30 1 2 2
3 Éric Belanger Ryan Malone Daniel Cleary 20 1 2 2
4 Marty Reasoner Jan Hlavac Evgeny Artyukhin 10 1 2 2
5 vs 5 Defense
Defense Defense Time % Phy DF OF
1 Pavel Kubina Matthew Spiller 40 1 2 2
2 Brendan Bell Mark Streit 30 1 2 2
3 Filip Novak Bryan Berard 20 1 2 2
4 Pavel Kubina Matthew Spiller 10 1 2 2
PowerPlay Forward
Center Left Wing Right Wing Time % Phy DF OF
1 John Tavares Patrick Sharp Alexei Morozov 50 1 2 2
2 Henrik Sedin Daniel Sedin Shane Doan 50 1 2 2
PowerPlay Defense
Defense Defense Time % Phy DF OF
1 Pavel Kubina Mark Streit 60 1 2 2
2 Matthew Spiller Bryan Berard 40 1 2 2
Penalty Kill 4 Players Forward
Center Wing Time % Phy DF OF
1 Marty Reasoner Jan Hlavac 60 1 2 2
2 Éric Belanger Daniel Cleary 40 1 2 2
Penalty Kill 4 Players Defense
Defense Defense Time % Phy DF OF
1 Brendan Bell Matthew Spiller 60 1 2 2
2 Pavel Kubina Filip Novak 40 1 2 2
Penalty Kill - 3 Players Forward
Forward Time % Phy DF OF
1 Marty Reasoner 60 1 2 2
2 Éric Belanger 40 1 2 2
Penalty Kill - 3 Players Defense
Defense Defense Time % Phy DF OF
1 Brendan Bell Matthew Spiller 60 1 2 2
2 Pavel Kubina Filip Novak 40 1 2 2
4 vs 4 Forward
Center Wing Time % Phy DF OF
1 Henrik Sedin Daniel Sedin 60 1 2 2
2 John Tavares Shane Doan 40 1 2 2
4 vs 4 Defense
Defense Defense Time % Phy DF OF
1 Pavel Kubina Mark Streit 60 1 2 2
2 Matthew Spiller Filip Novak 40 1 2 2
Last Minutes Offensive
Center Left Wing Right Wing Defense Defense
Henrik Sedin Daniel Sedin Shane Doan Pavel Kubina Mark Streit
Last Minutes Defensive
Center Left Wing Right Wing Defense Defense
Marty Reasoner Jan Hlavac Daniel Cleary Brendan Bell Matthew Spiller
Goaltenders
Starting : Pascal Leclaire
Backup : Patrick Lalime
Extra Forwards
Normal : Daniel Sedin, Patrick Sharp, Shane Doan - PP : John Tavares, Daniel Sedin - PK : Jan Hlavac
Extra Defensemen
Normal : Brendan Bell, Filip Novak, Mark Streit - PP : Pavel Kubina - PK : Matthew Spiller, Brendan Bell
Penalty Shots
Patrick Sharp, Daniel Sedin, John Tavares, Henrik Sedin, Alexei Morozov
Sharks
5 vs 5 Forward
Center Left Wing Right Wing Time % Phy DF OF
1 David Legwand Dany Heatley Daniel Alfredsson 40 1 2 2
2 Antoine Vermette Markus Naslund Brandon Yip 30 1 2 2
3 Joe Sakic Tuomo Ruutu Martin Samuelsson 20 1 2 2
4 Joe Sakic Martin Samuelsson Ted Purcell 10 1 2 2
5 vs 5 Defense
Defense Defense Time % Phy DF OF
1 Michal Rozsival Alex Pietrangelo 40 1 2 2
2 Lasse Kukkonen Johnny Boychuk 30 1 2 2
3 Shaone Morrisonn David Hale 20 1 2 2
4 Francis Bouillon Boris Valabik 10 1 2 2
PowerPlay Forward
Center Left Wing Right Wing Time % Phy DF OF
1 David Legwand Dany Heatley Daniel Alfredsson 60 1 2 2
2 Antoine Vermette Markus Naslund Joe Sakic 40 1 2 2
PowerPlay Defense
Defense Defense Time % Phy DF OF
1 Michal Rozsival Alex Pietrangelo 60 1 2 2
2 Lasse Kukkonen Johnny Boychuk 40 1 2 2
Penalty Kill 4 Players Forward
Center Wing Time % Phy DF OF
1 Joe Sakic Dany Heatley 60 1 4 0
2 Daniel Alfredsson Martin Samuelsson 40 1 4 0
Penalty Kill 4 Players Defense
Defense Defense Time % Phy DF OF
1 Lasse Kukkonen Johnny Boychuk 60 1 4 0
2 David Hale Shaone Morrisonn 40 1 4 0
Penalty Kill - 3 Players Forward
Forward Time % Phy DF OF
1 Joe Sakic 60 1 4 0
2 Martin Samuelsson 40 1 4 0
Penalty Kill - 3 Players Defense
Defense Defense Time % Phy DF OF
1 Lasse Kukkonen Johnny Boychuk 60 1 4 0
2 David Hale Shaone Morrisonn 40 1 4 0
4 vs 4 Forward
Center Wing Time % Phy DF OF
1 David Legwand Dany Heatley 60 1 1 3
2 Antoine Vermette Joe Sakic 40 0 3 2
4 vs 4 Defense
Defense Defense Time % Phy DF OF
1 Michal Rozsival Alex Pietrangelo 60 0 2 3
2 Johnny Boychuk Shaone Morrisonn 40 0 3 2
Last Minutes Offensive
Center Left Wing Right Wing Defense Defense
David Legwand Dany Heatley Daniel Alfredsson Michal Rozsival Alex Pietrangelo
Last Minutes Defensive
Center Left Wing Right Wing Defense Defense
David Legwand Markus Naslund Daniel Alfredsson Lasse Kukkonen Shaone Morrisonn
Goaltenders
Starting : Mike Brodeur
Backup : Tyler Weiman
Extra Forwards
Normal : Antoine Vermette, Tuomo Ruutu, Brandon Yip - PP : Ted Purcell, Markus Naslund - PK : Dany Heatley
Extra Defensemen
Normal : Johnny Boychuk, Alex Pietrangelo, Boris Valabik - PP : David Hale - PK : Alex Pietrangelo, Michal Rozsival
Penalty Shots
Dany Heatley, Ted Purcell, Tuomo Ruutu, Markus Naslund, Daniel Alfredsson
% Time on Ice - Stars
Lines # - Real PCT - Wanted PCT - Time Play
Normal Forward
1 - 34% - 40% - 16:29
2 - 24% - 30% - 11:44
3 - 23% - 20% - 11:15
4 - 19% - 10% - 9:18
Normal Defense
1 - 37% - 40% - 18:01
2 - 34% - 30% - 16:30
3 - 24% - 20% - 11:50
4 - 5% - 10% - 2:25
PP Forward
1 - 25% - 50% - 0:38
2 - 75% - 50% - 1:57
PP Defense
1 - 94% - 60% - 2:26
2 - 6% - 40% - 0:09
PK Forward
1 - 82% - 60% - 7:06
2 - 18% - 40% - 1:33
PK Defense
1 - 61% - 60% - 5:18
2 - 39% - 40% - 3:21
PK3 Forward
1 - 0% - 60%
2 - 0% - 40%
PK3 Defense
1 - 0% - 60%
2 - 0% - 40%
44 Forward
1 - 0% - 60%
2 - 0% - 40%
44 Defense
1 - 0% - 60%
2 - 0% - 40%
Last Minute Offensive - 0:00
Last Minute Defensive - 0:00
Total
Forward - 60:00
Defense - 60:00
|
% Time on Ice - Sharks
Lines # - Real PCT - Wanted PCT - Time Play
Normal Forward
1 - 43% - 40% - 20:46
2 - 22% - 30% - 10:44
3 - 20% - 20% - 9:33
4 - 16% - 10% - 7:43
Normal Defense
1 - 37% - 40% - 18:04
2 - 31% - 30% - 15:21
3 - 22% - 20% - 10:38
4 - 10% - 10% - 4:43
PP Forward
1 - 77% - 60% - 6:41
2 - 23% - 40% - 1:58
PP Defense
1 - 62% - 60% - 5:24
2 - 38% - 40% - 3:15
PK Forward
1 - 83% - 60% - 2:09
2 - 17% - 40% - 0:26
PK Defense
1 - 63% - 60% - 1:38
2 - 37% - 40% - 0:57
PK3 Forward
1 - 0% - 60%
2 - 0% - 40%
PK3 Defense
1 - 0% - 60%
2 - 0% - 40%
44 Forward
1 - 0% - 60%
2 - 0% - 40%
44 Defense
1 - 0% - 60%
2 - 0% - 40%
Last Minute Offensive - 0:00
Last Minute Defensive - 0:00
Total
Forward - 60:00
Defense - 60:00
|
Play by Play
1st period
0:01 of 1st period - David Legwand wins face-off versus Henrik Sedin in neutral zone.
0:28 of 1st period - Off-side.
0:29 of 1st period - Éric Belanger wins face-off versus Antoine Vermette in neutral zone.
0:34 of 1st period - Snap shot by Ryan Malone.
0:34 of 1st period - Shot Blocked by Johnny Boychuk.
0:36 of 1st period - Slapshot by Mark Streit.
0:36 of 1st period - Stopped by Mike Brodeur with a rebound.
0:38 of 1st period - Slapshot by Brendan Bell.
0:38 of 1st period - Stopped by Mike Brodeur without a rebound.
0:39 of 1st period - Antoine Vermette wins face-off versus John Tavares in Sharks zone.
0:50 of 1st period - Slapshot by Antoine Vermette.
0:50 of 1st period - Deflect By Alexei Morozov.
0:50 of 1st period - Shot Misses the Net.
0:50 of 1st period - Puck is out of play.
0:51 of 1st period - Joe Sakic wins face-off versus Marty Reasoner in Stars zone.
1:23 of 1st period - Wrist shot by John Tavares.
1:23 of 1st period - Deflect By Patrick Sharp.
1:23 of 1st period - Shot Misses the Net.
1:23 of 1st period - Puck is out of play.
1:24 of 1st period - Henrik Sedin wins face-off versus David Legwand in Sharks zone.
1:33 of 1st period - Wrist shot by Henrik Sedin.
1:33 of 1st period - Stopped by Mike Brodeur without a rebound.
1:34 of 1st period - Joe Sakic wins face-off versus Henrik Sedin in Sharks zone.
1:41 of 1st period - Slapshot by Martin Samuelsson.
1:41 of 1st period - Deflect By Shane Doan.
1:41 of 1st period - Stopped by Pascal Leclaire without a rebound.
1:42 of 1st period - Éric Belanger wins face-off versus Joe Sakic in Stars zone.
1:42 of 1st period - Éric Belanger is hit by Joe Sakic.
1:47 of 1st period - Off-side.
1:48 of 1st period - Antoine Vermette wins face-off versus Éric Belanger in neutral zone.
1:51 of 1st period - Matthew Spiller is hit by Michal Rozsival and loses puck.
2:56 of 1st period - Wrist shot by Antoine Vermette.
2:56 of 1st period - Shot Misses the Net.
2:58 of 1st period - Wrist shot by Antoine Vermette.
2:58 of 1st period - Deflect By Markus Naslund.
2:58 of 1st period - Shot Misses the Net.
2:58 of 1st period - Puck is out of play.
2:59 of 1st period - Marty Reasoner wins face-off versus Antoine Vermette in Stars zone.
2:59 of 1st period - Marty Reasoner is hit by Antoine Vermette.
3:23 of 1st period - Johnny Boychuk is hit by Bryan Berard and loses puck.
3:28 of 1st period - Wrist shot by Henrik Sedin.
3:28 of 1st period - Shot Blocked by Lasse Kukkonen.
4:05 of 1st period - Matthew Spiller is hit by Tuomo Ruutu and loses puck.
5:32 of 1st period - Brandon Yip is hit by Evgeny Artyukhin and loses puck.
5:59 of 1st period - Wrist shot by Shane Doan.
5:59 of 1st period - Shot Misses the Net.
6:01 of 1st period - Wrist shot by Pavel Kubina.
6:01 of 1st period - Shot Misses the Net.
6:03 of 1st period - Wrist shot by Matthew Spiller.
6:03 of 1st period - Shot Blocked by Johnny Boychuk.
6:20 of 1st period - Dany Heatley is hit by Patrick Sharp.
6:32 of 1st period - Slapshot by Martin Samuelsson.
6:32 of 1st period - Shot Blocked by Daniel Cleary.
7:16 of 1st period - Martin Samuelsson is hit by Daniel Cleary and loses puck.
8:03 of 1st period - Minor Penalty to Ted Purcell for Holding.
8:04 of 1st period - John Tavares wins face-off versus Joe Sakic in Sharks zone.
8:18 of 1st period - Snap shot by John Tavares.
8:18 of 1st period - Deflect By Alexei Morozov.
8:18 of 1st period - Shot Misses the Net.
8:18 of 1st period - Puck is out of play.
8:19 of 1st period - Henrik Sedin wins face-off versus Joe Sakic in Sharks zone.
8:20 of 1st period - Wrist shot by Shane Doan.
8:20 of 1st period - Stopped by Mike Brodeur with a rebound.
8:22 of 1st period - Wrist shot by Shane Doan.
8:22 of 1st period - Shot Hit the Post.
8:24 of 1st period - Snap shot by Brendan Bell.
8:24 of 1st period - Goal by Brendan Bell - Stars : 1 - Sharks : 0.
8:25 of 1st period - David Legwand wins face-off versus Henrik Sedin in neutral zone.
8:27 of 1st period - Off-side.
8:28 of 1st period - Henrik Sedin wins face-off versus David Legwand in neutral zone.
8:56 of 1st period - Wrist shot by Patrick Sharp.
8:56 of 1st period - Goal by Patrick Sharp - Stars : 2 - Sharks : 0.
8:57 of 1st period - Henrik Sedin wins face-off versus David Legwand in neutral zone.
9:00 of 1st period - Slapshot by Pavel Kubina.
9:00 of 1st period - Deflect By Henrik Sedin.
9:00 of 1st period - Shot Misses the Net.
9:00 of 1st period - Puck is out of play.
9:01 of 1st period - Henrik Sedin wins face-off versus David Legwand in Sharks zone.
9:20 of 1st period - Dany Heatley is hit by Daniel Sedin.
10:10 of 1st period - Marty Reasoner is hit by David Legwand and loses puck.
10:45 of 1st period - Slapshot by Henrik Sedin.
10:45 of 1st period - Stopped by Mike Brodeur with a rebound.
10:49 of 1st period - Snap shot by Henrik Sedin.
10:49 of 1st period - Shot Misses the Net.
11:29 of 1st period - Brandon Yip is hit by Alexei Morozov and loses puck.
11:58 of 1st period - Backhand shot by Evgeny Artyukhin.
11:58 of 1st period - Stopped by Mike Brodeur without a rebound.
11:59 of 1st period - Henrik Sedin wins face-off versus Joe Sakic in Sharks zone.
12:00 of 1st period - Wrist shot by Daniel Sedin.
12:00 of 1st period - Stopped by Mike Brodeur without a rebound.
12:01 of 1st period - Martin Samuelsson wins face-off versus Henrik Sedin in Sharks zone.
12:03 of 1st period - Minor Penalty to Boris Valabik for Hooking.
12:04 of 1st period - Joe Sakic wins face-off versus Daniel Sedin in Sharks zone.
12:18 of 1st period - Slapshot by Shane Doan.
12:18 of 1st period - Goal by Shane Doan - Stars : 3 - Sharks : 0.
12:19 of 1st period - David Legwand wins face-off versus Henrik Sedin in neutral zone.
12:26 of 1st period - Slapshot by David Legwand.
12:26 of 1st period - Shot Misses the Net.
12:28 of 1st period - Snap shot by David Legwand.
12:28 of 1st period - Stopped by Pascal Leclaire without a rebound.
12:29 of 1st period - David Legwand wins face-off versus Henrik Sedin in Stars zone.
12:50 of 1st period - Wrist shot by Dany Heatley.
12:50 of 1st period - Shot Blocked by Daniel Sedin.
12:52 of 1st period - Snap shot by Dany Heatley.
12:52 of 1st period - Stopped by Pascal Leclaire with a rebound.
12:54 of 1st period - Slapshot by Alex Pietrangelo.
12:54 of 1st period - Stopped by Pascal Leclaire with a rebound.
12:56 of 1st period - Wrist shot by Daniel Alfredsson.
12:56 of 1st period - Shot Blocked by Henrik Sedin.
12:58 of 1st period - Slapshot by Michal Rozsival.
12:58 of 1st period - Deflect By Daniel Alfredsson.
12:58 of 1st period - Shot Misses the Net.
12:58 of 1st period - Puck is out of play.
12:59 of 1st period - Antoine Vermette wins face-off versus John Tavares in Stars zone.
13:06 of 1st period - Slapshot by Markus Naslund.
13:06 of 1st period - Stopped by Pascal Leclaire without a rebound.
13:07 of 1st period - John Tavares wins face-off versus Brandon Yip in Stars zone.
13:44 of 1st period - Snap shot by Antoine Vermette.
13:44 of 1st period - Shot Misses the Net.
14:11 of 1st period - Snap shot by Patrick Sharp.
14:11 of 1st period - Shot Misses the Net.
14:13 of 1st period - Slapshot by Patrick Sharp.
14:13 of 1st period - Shot Misses the Net.
14:15 of 1st period - Slapshot by Matthew Spiller.
14:15 of 1st period - Shot Blocked by Johnny Boychuk.
14:17 of 1st period - Slapshot by Matthew Spiller.
14:17 of 1st period - Stopped by Mike Brodeur with a rebound.
14:19 of 1st period - Slapshot by Pavel Kubina.
14:19 of 1st period - Stopped by Mike Brodeur without a rebound.
14:20 of 1st period - Henrik Sedin wins face-off versus David Legwand in Sharks zone.
15:10 of 1st period - Alex Pietrangelo is hit by Filip Novak and loses puck.
15:29 of 1st period - Slapshot by Alex Pietrangelo.
15:29 of 1st period - Shot Blocked by Mark Streit.
17:25 of 1st period - David Legwand is hit by Brendan Bell and loses puck.
18:17 of 1st period - Dany Heatley is hit by Brendan Bell and loses puck.
19:04 of 1st period - Wrist shot by Evgeny Artyukhin.
19:04 of 1st period - Shot Misses the Net.
19:06 of 1st period - Slapshot by Marty Reasoner.
19:06 of 1st period - Stopped by Mike Brodeur without a rebound.
19:07 of 1st period - Antoine Vermette wins face-off versus Henrik Sedin in Sharks zone.
19:07 of 1st period - Antoine Vermette is hit by Henrik Sedin.
19:19 of 1st period - Dany Heatley is hit by Filip Novak and loses puck.
19:49 of 1st period - Shaone Morrisonn is hit by Pavel Kubina and loses puck.
Goals for this period are 3 for Stars vs 0 for Sharks.
Shots for this period are 13 for Stars vs 5 for Sharks.
2nd period
0:01 of 2nd period - David Legwand wins face-off versus Henrik Sedin in neutral zone.
0:08 of 2nd period - Snap shot by Dany Heatley.
0:08 of 2nd period - Stopped by Pascal Leclaire without a rebound.
0:09 of 2nd period - David Legwand wins face-off versus Shane Doan in Stars zone.
0:10 of 2nd period - Snap shot by Alex Pietrangelo.
0:10 of 2nd period - Stopped by Pascal Leclaire without a rebound.
0:11 of 2nd period - David Legwand wins face-off versus Daniel Sedin in Stars zone.
0:14 of 2nd period - Snap shot by David Legwand.
0:14 of 2nd period - Shot Misses the Net.
0:51 of 2nd period - Slapshot by Pavel Kubina.
0:51 of 2nd period - Deflect By Lasse Kukkonen.
0:51 of 2nd period - Stopped by Mike Brodeur with a rebound.
0:57 of 2nd period - Minor Penalty to Brandon Yip for Goalie Interference.
0:58 of 2nd period - Dany Heatley wins face-off versus John Tavares in Sharks zone.
1:11 of 2nd period - Wrist shot by Alexei Morozov.
1:11 of 2nd period - Stopped by Mike Brodeur without a rebound.
1:12 of 2nd period - Joe Sakic wins face-off versus Henrik Sedin in Sharks zone.
2:31 of 2nd period - Wrist shot by Daniel Sedin.
2:31 of 2nd period - Shot Misses the Net.
2:33 of 2nd period - Slapshot by Mark Streit.
2:33 of 2nd period - Shot Misses the Net.
2:35 of 2nd period - Slapshot by Pavel Kubina.
2:35 of 2nd period - Shot Blocked by Markus Naslund.
2:37 of 2nd period - Slapshot by Pavel Kubina.
2:37 of 2nd period - Shot Blocked by David Hale.
2:45 of 2nd period - Snap shot by Henrik Sedin.
2:45 of 2nd period - Shot Misses the Net.
2:47 of 2nd period - Snap shot by Henrik Sedin.
2:47 of 2nd period - Stopped by Mike Brodeur without a rebound.
2:48 of 2nd period - Joe Sakic wins face-off versus Alexei Morozov in Sharks zone.
2:57 of 2nd period - Penalty to Brandon Yip is over, Brandon Yip is back on ice.
2:59 of 2nd period - Snap shot by John Tavares.
2:59 of 2nd period - Deflect By Patrick Sharp.
2:59 of 2nd period - Deflect By Dany Heatley.
2:59 of 2nd period - Stopped by Mike Brodeur with a rebound.
3:01 of 2nd period - Wrist shot by Alexei Morozov.
3:01 of 2nd period - Shot Misses the Net.
3:13 of 2nd period - Dany Heatley is hit by Evgeny Artyukhin and loses puck.
3:31 of 2nd period - Slapshot by Dany Heatley.
3:31 of 2nd period - Stopped by Pascal Leclaire without a rebound.
3:32 of 2nd period - John Tavares wins face-off versus Brandon Yip in Stars zone.
3:37 of 2nd period - Brandon Yip is hit by John Tavares and loses puck.
4:14 of 2nd period - Marty Reasoner is hit by Johnny Boychuk and loses puck.
4:51 of 2nd period - Slapshot by Pavel Kubina.
4:51 of 2nd period - Shot Blocked by Shaone Morrisonn.
4:53 of 2nd period - Slapshot by Matthew Spiller.
4:53 of 2nd period - Stopped by Mike Brodeur with a rebound.
4:55 of 2nd period - Slapshot by Pavel Kubina.
4:55 of 2nd period - Stopped by Mike Brodeur without a rebound.
4:56 of 2nd period - Ryan Malone wins face-off versus Antoine Vermette in Sharks zone.
5:21 of 2nd period - Daniel Sedin is hit by Dany Heatley.
5:27 of 2nd period - Snap shot by Daniel Sedin.
5:27 of 2nd period - Goal by Daniel Sedin - Stars : 4 - Sharks : 0.
5:28 of 2nd period - Henrik Sedin wins face-off versus David Legwand in neutral zone.
5:41 of 2nd period - Snap shot by Daniel Alfredsson.
5:41 of 2nd period - Stopped by Pascal Leclaire without a rebound.
5:42 of 2nd period - Henrik Sedin wins face-off versus David Legwand in Stars zone.
5:42 of 2nd period - Henrik Sedin is hit by Daniel Alfredsson.
5:56 of 2nd period - Snap shot by Daniel Sedin.
5:56 of 2nd period - Stopped by Mike Brodeur with a rebound.
5:57 of 2nd period - Dany Heatley beats up Shane Doan.
5:57 of 2nd period - Penalty to Dany Heatley for Fighting.
5:57 of 2nd period - Penalty to Shane Doan for Fighting.
5:58 of 2nd period - David Legwand wins face-off versus Henrik Sedin in Sharks zone.
5:58 of 2nd period - Daniel Alfredsson is hit by Henrik Sedin and loses puck.
6:04 of 2nd period - Icing by Johnny Boychuk.
6:05 of 2nd period - Henrik Sedin wins face-off versus David Legwand in Sharks zone.
6:06 of 2nd period - Slapshot by Daniel Sedin.
6:06 of 2nd period - Shot Blocked by Johnny Boychuk.
6:16 of 2nd period - Slapshot by David Legwand.
6:16 of 2nd period - Deflect By Pavel Kubina.
6:16 of 2nd period - Stopped by Pascal Leclaire without a rebound.
6:17 of 2nd period - Antoine Vermette wins face-off versus Henrik Sedin in Stars zone.
6:18 of 2nd period - Snap shot by Alex Pietrangelo.
6:18 of 2nd period - Stopped by Pascal Leclaire with a rebound.
7:11 of 2nd period - Ryan Malone is hit by David Legwand and loses puck.
7:26 of 2nd period - Slapshot by Daniel Alfredsson.
7:26 of 2nd period - Shot Blocked by Evgeny Artyukhin.
7:32 of 2nd period - Mark Streit is hit by Daniel Alfredsson and loses puck.
8:11 of 2nd period - Snap shot by Joe Sakic.
8:11 of 2nd period - Deflect By Ted Purcell.
8:11 of 2nd period - Shot Misses the Net.
8:11 of 2nd period - Puck is out of play.
8:12 of 2nd period - Marty Reasoner wins face-off versus Joe Sakic in Stars zone.
8:12 of 2nd period - Marty Reasoner is hit by Ted Purcell.
9:00 of 2nd period - Wrist shot by Martin Samuelsson.
9:00 of 2nd period - Shot Misses the Net.
9:12 of 2nd period - Slapshot by Alex Pietrangelo.
9:12 of 2nd period - Shot Misses the Net.
9:30 of 2nd period - Snap shot by Éric Belanger.
9:30 of 2nd period - Stopped by Mike Brodeur with a rebound.
10:25 of 2nd period - Slapshot by Éric Belanger.
10:25 of 2nd period - Deflect By Ryan Malone.
10:25 of 2nd period - Shot Misses the Net.
10:25 of 2nd period - Puck is out of play.
10:26 of 2nd period - David Legwand wins face-off versus Patrick Sharp in Sharks zone.
10:28 of 2nd period - Daniel Alfredsson and Henrik Sedin fight to a draw.
10:28 of 2nd period - Penalty to Daniel Alfredsson for Fighting.
10:28 of 2nd period - Penalty to Henrik Sedin for Fighting.
10:28 of 2nd period - Penalty to Henrik Sedin for instigated a fight.
10:28 of 2nd period - Penalty to Henrik Sedin for instigated a fight.
10:29 of 2nd period - Marty Reasoner wins face-off versus David Legwand in neutral zone.
10:32 of 2nd period - Wrist shot by Jan Hlavac.
10:32 of 2nd period - Stopped by Mike Brodeur with a rebound.
10:57 of 2nd period - Penalty to Shane Doan is over, Shane Doan is back on ice.
12:28 of 2nd period - Penalty to Henrik Sedin is over, Daniel Cleary is send on ice.
12:57 of 2nd period - Icing by John Tavares.
12:58 of 2nd period - Antoine Vermette wins face-off versus Marty Reasoner in Stars zone.
13:18 of 2nd period - David Legwand is hit by Pavel Kubina and loses puck.
13:19 of 2nd period - David Legwand from Sharks is injured at 13:19 of 2nd period (Right Hip).
13:20 of 2nd period - Patrick Sharp wins face-off versus Antoine Vermette in Sharks zone.
13:23 of 2nd period - Snap shot by Shane Doan.
13:23 of 2nd period - Stopped by Mike Brodeur without a rebound.
13:24 of 2nd period - Antoine Vermette wins face-off versus Patrick Sharp in Sharks zone.
13:31 of 2nd period - Snap shot by Tuomo Ruutu.
13:31 of 2nd period - Stopped by Pascal Leclaire without a rebound.
13:32 of 2nd period - Antoine Vermette wins face-off versus Alexei Morozov in Stars zone.
14:12 of 2nd period - Éric Belanger is hit by Michal Rozsival and loses puck.
14:41 of 2nd period - Snap shot by Shane Doan.
14:41 of 2nd period - Shot Misses the Net.
14:43 of 2nd period - Snap shot by Mark Streit.
14:43 of 2nd period - Stopped by Mike Brodeur with a rebound.
14:45 of 2nd period - Wrist shot by Shane Doan.
14:45 of 2nd period - Stopped by Mike Brodeur without a rebound.
14:46 of 2nd period - Patrick Sharp wins face-off versus Joe Sakic in Sharks zone.
15:10 of 2nd period - Matthew Spiller is hit by Antoine Vermette and loses puck.
15:48 of 2nd period - Snap shot by John Tavares.
15:48 of 2nd period - Stopped by Mike Brodeur with a rebound.
16:02 of 2nd period - Dany Heatley is hit by Shane Doan and loses puck.
16:13 of 2nd period - Snap shot by Antoine Vermette.
16:13 of 2nd period - Stopped by Pascal Leclaire without a rebound.
16:14 of 2nd period - Joe Sakic wins face-off versus Éric Belanger in Stars zone.
16:15 of 2nd period - Wrist shot by Martin Samuelsson.
16:15 of 2nd period - Stopped by Pascal Leclaire without a rebound.
16:16 of 2nd period - Éric Belanger wins face-off versus Joe Sakic in Stars zone.
16:16 of 2nd period - Éric Belanger is hit by Martin Samuelsson.
16:19 of 2nd period - Minor Penalty to Daniel Cleary for High sticking.
16:20 of 2nd period - Marty Reasoner wins face-off versus Ted Purcell in Stars zone.
18:19 of 2nd period - Penalty to Daniel Cleary is over, Daniel Cleary is back on ice.
Goals for this period are 1 for Stars vs 0 for Sharks.
Shots for this period are 14 for Stars vs 9 for Sharks.
3rd period
0:01 of 3rd period - Patrick Sharp wins face-off versus Antoine Vermette in neutral zone.
0:03 of 3rd period - Minor Penalty to Daniel Sedin for Interference.
0:04 of 3rd period - Marty Reasoner wins face-off versus Ted Purcell in Stars zone.
0:08 of 3rd period - Slapshot by Matthew Spiller.
0:08 of 3rd period - Deflect By Jan Hlavac.
0:08 of 3rd period - Stopped by Mike Brodeur without a rebound.
0:09 of 3rd period - Marty Reasoner wins face-off versus Ted Purcell in Sharks zone.
0:42 of 3rd period - Wrist shot by Antoine Vermette.
0:42 of 3rd period - Shot Misses the Net.
0:44 of 3rd period - Snap shot by Markus Naslund.
0:44 of 3rd period - Shot Blocked by Éric Belanger.
0:46 of 3rd period - Slapshot by Markus Naslund.
0:46 of 3rd period - Goal by Markus Naslund - Stars : 4 - Sharks : 1.
0:47 of 3rd period - Patrick Sharp wins face-off versus Antoine Vermette in neutral zone.
1:12 of 3rd period - Patrick Sharp is hit by Tuomo Ruutu and loses puck.
1:33 of 3rd period - Snap shot by Shane Doan.
1:33 of 3rd period - Shot Misses the Net.
1:51 of 3rd period - Slapshot by Lasse Kukkonen.
1:51 of 3rd period - Shot Misses the Net.
1:53 of 3rd period - Slapshot by Johnny Boychuk.
1:53 of 3rd period - Stopped by Pascal Leclaire with a rebound.
1:55 of 3rd period - Backhand shot by Johnny Boychuk.
1:55 of 3rd period - Shot Misses the Net.
1:57 of 3rd period - Backhand shot by Johnny Boychuk.
1:57 of 3rd period - Shot Blocked by Matthew Spiller.
1:59 of 3rd period - Slapshot by Joe Sakic.
1:59 of 3rd period - Shot Misses the Net.
2:01 of 3rd period - Wrist shot by Lasse Kukkonen.
2:01 of 3rd period - Shot Blocked by Patrick Sharp.
2:14 of 3rd period - Snap shot by Tuomo Ruutu.
2:14 of 3rd period - Stopped by Pascal Leclaire with a rebound.
2:16 of 3rd period - Wrist shot by Martin Samuelsson.
2:16 of 3rd period - Stopped by Pascal Leclaire with a rebound.
2:18 of 3rd period - Snap shot by Johnny Boychuk.
2:18 of 3rd period - Stopped by Pascal Leclaire with a rebound.
2:20 of 3rd period - Snap shot by Martin Samuelsson.
2:20 of 3rd period - Stopped by Pascal Leclaire with a rebound.
2:22 of 3rd period - Slapshot by Johnny Boychuk.
2:22 of 3rd period - Deflect By Joe Sakic.
2:22 of 3rd period - Stopped by Pascal Leclaire without a rebound.
2:23 of 3rd period - Éric Belanger wins face-off versus Antoine Vermette in Stars zone.
2:48 of 3rd period - Jan Hlavac is hit by Daniel Alfredsson and loses puck.
3:09 of 3rd period - David Hale is hit by Daniel Cleary and loses puck.
3:28 of 3rd period - Minor Penalty to Jan Hlavac for Interference.
3:29 of 3rd period - Ted Purcell wins face-off versus Marty Reasoner in Stars zone.
4:52 of 3rd period - Michal Rozsival is hit by Daniel Cleary.
5:28 of 3rd period - 10 Minutes Misconduct Penalty to Henrik Sedin is over.
5:28 of 3rd period - Penalty to Jan Hlavac is over, Jan Hlavac is back on ice.
6:25 of 3rd period - David Hale is hit by Shane Doan and loses puck.
6:47 of 3rd period - David Hale is hit by Jan Hlavac and loses puck.
6:53 of 3rd period - Icing by Shaone Morrisonn.
6:54 of 3rd period - Boris Valabik wins face-off versus Marty Reasoner in Sharks zone.
7:15 of 3rd period - Dany Heatley is hit by John Tavares and loses puck.
7:28 of 3rd period - Alexei Morozov is hit by Markus Naslund and loses puck.
8:01 of 3rd period - Icing by Alexei Morozov.
8:02 of 3rd period - Henrik Sedin wins face-off versus Joe Sakic in Stars zone.
8:17 of 3rd period - Henrik Sedin is hit by Michal Rozsival and loses puck.
9:11 of 3rd period - Snap shot by Dany Heatley.
9:11 of 3rd period - Stopped by Pascal Leclaire without a rebound.
9:12 of 3rd period - John Tavares wins face-off versus Joe Sakic in Stars zone.
9:27 of 3rd period - Wrist shot by John Tavares.
9:27 of 3rd period - Shot Misses the Net.
10:04 of 3rd period - Pavel Kubina is hit by Markus Naslund.
10:49 of 3rd period - Boris Valabik is hit by Henrik Sedin and loses puck.
12:14 of 3rd period - Markus Naslund is hit by Evgeny Artyukhin.
12:50 of 3rd period - Antoine Vermette is hit by Pavel Kubina.
13:00 of 3rd period - Brandon Yip is hit by Daniel Sedin and loses puck.
13:13 of 3rd period - Snap shot by Henrik Sedin.
13:13 of 3rd period - Stopped by Mike Brodeur with a rebound.
14:23 of 3rd period - Icing by Johnny Boychuk.
14:24 of 3rd period - Henrik Sedin wins face-off versus Boris Valabik in Sharks zone.
14:35 of 3rd period - Snap shot by Shane Doan.
14:35 of 3rd period - Goal by Shane Doan - Stars : 5 - Sharks : 1.
14:36 of 3rd period - Henrik Sedin wins face-off versus Antoine Vermette in neutral zone.
15:07 of 3rd period - Snap shot by Jan Hlavac.
15:07 of 3rd period - Stopped by Mike Brodeur without a rebound.
15:08 of 3rd period - Joe Sakic wins face-off versus Marty Reasoner in Sharks zone.
15:13 of 3rd period - Slapshot by David Hale.
15:13 of 3rd period - Deflect By Joe Sakic.
15:13 of 3rd period - Shot Misses the Net.
15:13 of 3rd period - Puck is out of play.
15:14 of 3rd period - Henrik Sedin wins face-off versus Martin Samuelsson in Stars zone.
15:39 of 3rd period - Shaone Morrisonn is hit by John Tavares and loses puck.
15:54 of 3rd period - Minor Penalty to Alexei Morozov for Roughing.
15:55 of 3rd period - Marty Reasoner wins face-off versus Ted Purcell in Stars zone.
16:02 of 3rd period - Ted Purcell is hit by Marty Reasoner.
16:10 of 3rd period - Slapshot by Alex Pietrangelo.
16:10 of 3rd period - Deflect By Dany Heatley.
16:10 of 3rd period - Stopped by Pascal Leclaire with a rebound.
16:12 of 3rd period - Slapshot by Michal Rozsival.
16:12 of 3rd period - Shot Blocked by Marty Reasoner.
17:26 of 3rd period - Dany Heatley is hit by Matthew Spiller and loses puck.
17:47 of 3rd period - Filip Novak is hit by Dany Heatley and loses puck.
17:52 of 3rd period - Wrist shot by Antoine Vermette.
17:52 of 3rd period - Shot Misses the Net.
17:54 of 3rd period - Penalty to Alexei Morozov is over, Alexei Morozov is back on ice.
17:54 of 3rd period - Slapshot by Lasse Kukkonen.
17:54 of 3rd period - Stopped by Pascal Leclaire without a rebound.
17:55 of 3rd period - Joe Sakic wins face-off versus Henrik Sedin in Stars zone.
17:58 of 3rd period - Snap shot by Martin Samuelsson.
17:58 of 3rd period - Stopped by Pascal Leclaire without a rebound.
17:59 of 3rd period - Joe Sakic wins face-off versus Henrik Sedin in Stars zone.
19:25 of 3rd period - Wrist shot by John Tavares.
19:25 of 3rd period - Shot Misses the Net.
19:27 of 3rd period - Snap shot by Bryan Berard.
19:27 of 3rd period - Shot Blocked by Joe Sakic.
19:29 of 3rd period - Slapshot by Filip Novak.
19:29 of 3rd period - Shot Misses the Net.
19:43 of 3rd period - Slapshot by Pavel Kubina.
19:43 of 3rd period - Deflect By Daniel Cleary.
19:43 of 3rd period - Shot Misses the Net.
19:43 of 3rd period - Puck is out of play.
19:44 of 3rd period - Markus Naslund wins face-off versus Henrik Sedin in Sharks zone.
Goals for this period are 1 for Stars vs 1 for Sharks.
Shots for this period are 4 for Stars vs 11 for Sharks.
Output by the SimonT Hockey Simulator (STHS) for François Prévost -- Original Page W3C XHTML 1.0 Valid